 Dungeon Crawl Stone Soup version 0.32-a0-842-gbbb8fdb (webtiles) character file.

Game seed: 10736238874701450716

168 yakattack the Cudgeller (level 5, 0/45 HPs)
             Began as a Mountain Dwarf Monk on Mar 27, 2024.
             Was an Initiate of Ru.
             Splashed by a jelly's acid (7 damage)
             ... on level 3 of the Dungeon.
             The game lasted 00:06:34 (4063 turns).

yakattack the Cudgeller (Mountain Dwarf Monk)       Turns: 4063, Time: 00:06:35

Health: 0/45       AC: -2    Str: 16    XL:     5   Next: 24%
Magic:  5/5        EV:  8    Int: 10    God:    Ru [......]
Gold:   200        SH:  8    Dex: 12    Spells: 4/4 levels left

rFire   . . .        q - +1 mace (protect)
rCold   . . .        h - +0 kite shield
rNeg    . . .        r - +0 ring mail
rPois   .            (no helmet)
rElec   .            (no cloak)
rCorr   .            i - +1 pair of gloves
SInv    .            (no boots)
Will    .....        (no amulet) Stlth
                     (no ring)
HPRegen 0.27/turn    (no ring)
MPRegen 0.09/turn

%: no passive effects
@: corroded, under a protective aura
A: no stealth, runic magic, artefact enchanting
a: Renounce Religion


You were on level 3 of the Dungeon.
You worshipped Ru.
Ru was noncommittal.
You visited 1 branch of the dungeon, and saw 4 of its levels.

You collected 200 gold pieces.

Inventory:

Hand Weapons
 n - a +0 morningstar
 q - a +1 mace of protection (weapon)
Missiles
 k - 4 poisoned darts (quivered)
Armour
 b - a +0 robe
 d - an orb of light
 h - a +0 kite shield (worn)
 i - a +1 pair of gloves (worn)
 r - a +0 ring mail (worn)
Jewellery
 p - a ring of wizardry
Wands
 o - a wand of polymorph (3)
Scrolls
 g - a scroll of identify {unknown}
 j - a scroll of teleportation
 l - a scroll of enchant weapon {unknown}
Potions
 c - a potion of ambrosia
 f - a potion of resistance


   Skills:
 - Level 3.2 Fighting
 + Level 6.3 Maces & Flails
 - Level 2.1 Dodging
 - Level 3.0 Shields


You had 4 spell levels left.
You didn't know any spells.
Your spell library contained the following spells:

 Spells                   Type           Power      Damage    Failure   Level
 Apportation              Tloc           0%         N/A       80%         1


Dungeon Overview and Level Annotations

Branches:
Dungeon (4/15)
 Temple: D:4-7

Altars:
Dithmenos
Ru
Sif Muna

Annotations:
D:3 Grinder


Innate Abilities, Weirdness & Mutations

You cannot be stealthy.
Your spellcasting is much less encumbered by armour.
You can use scrolls of enchantment on lesser artefacts.


Message History

You see here a +0 mace.
Resting!
Resting!
Rested for 5
There is a stone staircase leading up here.
Items here: ( )) [ รท.
There is a stone staircase leading down, spattered with blood here.
You see here a +0 club.
You climb downwards.
The orc shouts!
The orc priest shouts!
The hobgoblin shouts!
There is a stone staircase leading up here.
A jelly comes into view.
You hit the hobgoblin.
Your weapon exudes an aura of protection.
The hobgoblin hits you but does no damage.
You hit the hobgoblin.
You kill the hobgoblin!
The jelly barely misses you. The orc hits you but does no damage.
The orc hits you with a +0 falchion.
The jelly jiggles.
The jelly barely misses you.
You climb upwards.
Level annotation: Grinder
There is a stone staircase leading down, spattered with blood here.
You see here a +0 club.
You hit the jelly.
Your hands burn!
You block the jelly's attack. The orc hits you with a +0 falchion.
You hit the jelly. The acid corrodes you!
Your hands burn!
The jelly hits you. The acid corrodes you!
You are splashed with acid!
You block the orc's attack.
You hit the jelly.
Your hands burn!
The jelly hits you. The acid corrodes you!
You are splashed with acid!
The orc hits you with a +0 falchion!
* * * LOW HITPOINT WARNING * * *
Unknown command.
Unknown command.
Okay, then.
You completely miss the jelly. The orc misses you. The jelly hits you.
* * * LOW HITPOINT WARNING * * *
The acid corrodes you!
You are splashed with acid!
You die...
Ru respects your ultimate sacrifice.

## ############ .#
#..........###### .#
#.#######.......# .###
#.# #.......# #..# #.#
####.......# .#.# #.#
#..........# .#.#
#.####.##.)oJ...#
.#.###..........@....#
........###.##...(...#
............#####.####
##.####.##### #.# #.#
#.# #.# #.# #.# ##.#
#.# #.# #..# #.# #.#
#.## #.# #.# #.#


You could see a jelly and an orc.

Vanquished Creatures
  A hound (D:3)
  Jessica (D:3)
  An orc wizard (D:3)
  2 adders
  A ribbon worm (D:2)
  7 orcs
  4 ball pythons
  7 bats
  4 endoplasms
  4 giant cockroaches
  5 goblins
  3 hobgoblins
  3 jackals (D:4)
  6 kobolds
  2 quokkas
  4 frilled lizards
  6 rats
61 creatures vanquished.

Notes
Turn   | Place    | Note
-------+----------+-------------------------------------------
     0 | D:1      | yakattack the Mountain Dwarf Monk began the quest for the
                  | Orb.
     0 | D:1      | Reached XP level 1. HP: 19/19 MP: 1/1
    97 | D:1      | Reached skill level 4 in Maces & Flails
   287 | D:1      | Reached XP level 2. HP: 26/26 MP: 2/2
   373 | D:1      | Found a faded altar of an unknown god.
   377 | D:1      | Got Plato's Quarto of Dislocation
  1050 | D:1      | Prayed at the altar of an unknown god.
  1050 | D:1      | Became a worshipper of Ru the Awakened
  1064 | D:1      | Gained mutation: You cannot be stealthy. [Ru sacrifice]
  1781 | D:2      | Reached skill level 5 in Maces & Flails
  2151 | D:2      | Reached XP level 3. HP: 25/31 MP: 3/3
  2849 | D:3      | Reached skill level 1 in Shields
  3065 | D:3      | Found a shimmering blue altar of Sif Muna.
  3077 | D:3      | Noticed Jessica
  3089 | D:3      | Killed Jessica
  3090 | D:3      | Reached XP level 4. HP: 32/38 MP: 4/4
  3190 | D:3      | Found a shadowy altar of Dithmenos.
  3201 | D:3      | Noticed Grinder
  3457 | D:3      | Noticed Terence
  3458 | D:3      | Terence changed into Terence the kobold
  3458 | D:3      | Noticed Terence
  3467 | D:3      | Killed Terence the kobold
  3547 | D:4      | Reached skill level 6 in Maces & Flails
  3550 | D:4      | Noticed an ogre
  3641 | D:3      | Reached XP level 5. HP: 17/45 MP: 5/5
  4063 | D:3      | Splashed by a jelly's acid

Illustrated notes

Levels and vault maps discovered:
D:1:      dpeg_arrival_boxorama, layout_loops_ring,
          shapermc_ecumenical_altar_rom_forum, dk_noncrumbling_3,
          kennysheep_another_room, chequers_serial_rivers_large_a,
          eino_curves_01
D:2:      layout_basic, minmay_misc_feat_five, chequers_hall_statues_y,
          kennysheep_flooded_box, kennysheep_minor_cross
D:3:      minmay_general_purpose_star, layout_loops_ring,
          grunt_dithmenos_smoke_and_mirrors, mainiacjoe_overflow_boulevard,
          uniq_jessica, uniq_terence, uniq_grinder
D:4:      layout_rooms, minmay_temple_entry_junction

Skill      XL: |  1  2  3  4 |
---------------+-------------+-----
Maces & Flails | 4 5 6 |  6.3
Shields        | 1 3 |  3.0
Fighting       | |  3.2
Dodging        | |  2.1

Action                     |  1- 3 |  4- 6 || total
---------------------------+-------+-------++-------
  Melee: Mace              |   146 |    88 ||   234
         Unarmed           |     7 |       ||     7
  Throw: Dart              |       |     2 ||     2
 Invoke: Sacrifice Stealth |     1 |       ||     1
  Evoke: Wand              |       |     1 ||     1
    Use: Potion            |     2 |     1 ||     3
         Scroll            |       |     1 ||     1
 Armour: Robe              |    86 |    10 ||    96
         Ring mail         |       |    61 ||    61
  Dodge: Dodged            |    67 |    46 ||   113
  Block: Kite shield       |    33 |    52 ||    85

Table legend: (Time is in decaauts)
 A = Elapsed time spent in this place.
 B = Non-inter-level travel time spent in this place.
 C = Inter-level travel time spent in this place.
 D = Time resting spent in this place.
 E = Time spent auto-exploring this place.
 F = Levels seen in this place.
 G = Mean time per level.
                   A        B        C        D        E       F      G
               +--------+--------+--------+--------+--------+-----+--------+
         Total |   4142 |   3604 |    538 |      0 |   2160 |   4 | 1035.5 |
       Dungeon |   4142 |   3604 |    538 |      0 |   2160 |   4 | 1035.5 |
               +--------+--------+--------+--------+--------+-----+--------+

Top non-repeatable levels by time:
     D:3: 1498 daAuts
     D:2: 1410 daAuts
     D:1: 1097 daAuts
     D:4: 135 daAuts
